AoeStats
← Black_Mahler

Arabia

508346626Analyzed
2v2 RM · 12d ago on Sep 22, 2026· 55m 35s· 4 players
Game mode
Random Map
Map size
Medium (4 player)
Population
200
Speed
Normal
Resources
Standard
Victory
Conquest
Starting age
Dark Age
Ending age
Imperial Age
RankedLock teamsTeams togetherTeam positionsShared explorationLock speedFull tech treeHidden civsTurbo modeCheats
Victory
Defeat
🇫🇷 Maya · France
1135
+13
🇨🇱 Khmer · Chile
1086
+15
🇨🇴 Magyars · Colombia
1123
-15
🇨🇴 Muisca · Colombia
1032
-13
Ivar the Boneless
9:41 Feudal Age
10:12 Double-Bit Axe
10:08 Man-at-Arms
15:49 Wheelbarrow
17:34 Loom
19:47 Town Watch
22:46 Castle Age
23:42 Bow Saw
25:28 Scale Barding Armor
27:00 Chain Barding Armor
28:35 Bloodlines
29:15 Hand Cart
30:10 Elite Skirmisher
31:17 Fletching
39:01 Bodkin Arrow
42:00 Imperial Age
41:14 Corvinian Army
40:45 Pikeman
41:28 Padded Archer Armor
41:44 Horse Collar
41:56 Gold Mining
42:43 Bracer
43:49 Town Patrol
44:06 Leather Archer Armor
47:16 Conscription
47:00 Cavalier
Black_Mahler
2:43 Loom
10:49 Feudal Age
10:56 Champi Runner
13:14 Double-Bit Axe
24:33 Castle Age
23:40 Fletching
24:50 Pikeman
28:14 Squires
28:23 Town Watch
39:08 Bodkin Arrow
40:39 Wheelbarrow
49:38 Champi Warrior
PIPEX1356
3:30 Loom
12:29 Feudal Age
17:33 Castle Age
17:39 Stone Mining
17:41 Gold Mining
18:17 Husbandry
24:02 Bloodlines
24:56 Wheelbarrow
25:54 Hand Cart
28:39 Fletching
28:49 Padded Archer Armor
32:35 Bodkin Arrow
34:51 Horse Collar
34:59 Double-Bit Axe
36:07 Gold Shaft Mining
38:03 Stone Shaft Mining
41:10 Imperial Age
40:15 Tusk Swords
40:18 Town Watch
42:13 Forging
42:09 Scale Barding Armor
43:46 Iron Casting
43:11 Bracer
46:02 Heavy Scorpion
47:00 Leather Archer Armor
47:06 Chain Barding Armor
47:46 Blast Furnace
47:31 Town Patrol
47:27 Elite Battle Elephant
49:38 Double Crossbow
48:58 Elite Ballista Elephant
50:41 Ballistics
50:28 Siege Engineers
50:19 Murder Holes
52:58 Chemistry
Baruchiev
0:44 Loom
9:30 Feudal Age
10:12 Double-Bit Axe
13:58 Town Watch
14:16 Fletching
14:23 Horse Collar
15:01 Padded Archer Armor
25:47 Castle Age
23:47 Gold Mining
24:41 Scale Mail Armor
26:28 Forging
25:53 Pikeman
27:00 Chain Mail Armor
27:27 Bow Saw
27:06 Crossbowman
29:19 Bodkin Arrow
31:09 Leather Archer Armor
31:43 Ballistics
35:25 Squires
37:06 Heavy Plow
38:27 Wheelbarrow
37:58 Town Patrol
41:32 Imperial Age
40:46 Hul'che Javelineers
41:01 Arson
41:58 Masonry
42:20 Thumb Ring
41:35 Arbalester
41:58 Halberdier
43:05 Bracer
44:36 Plate Mail Armor
45:14 Conscription
44:19 Eagle Warrior
47:06 Iron Casting
49:02 Blast Furnace
51:57 Architecture
52:41 Elite Eagle Warrior
54:01 Holcans
Connection lost

Rejoining the realm…

Still unreachable

The connection could not be restored.

Session expired

The server has moved on; the page needs a fresh start.